 Dungeon Crawl Stone Soup version 0.19.5 (webtiles) character file.

36 LORDOFBUTT the Ducker (level 3, -2/17 HPs)
             Began as a Felid Berserker on Mar 9, 2017.
             Was a Believer of Trog.
             Slain by a worm (9 damage)
             ... on level 2 of the Dungeon.
             The game lasted 00:01:22 (1634 turns).

LORDOFBUTT the Ducker (Felid Berserker)             Turns: 1634, Time: 00:01:23

Health: -2/17      AC:  1    Str: 13    XL:     3   Next: 19%
Magic:  4/4        EV: 20    Int:  8    God:    Trog [**....]
Gold:   67         SH:  0    Dex: 16    Spells: 0 memorised, 2 levels left
                                        Lives:  0   Deaths: 0

rFire  . . .     SeeInvis +       - Unarmed
rCold  . . .     Gourm    .     (armour unavailable)
rNeg   . . .     Faith    .     (shield unavailable)
rPois  .         Spirit   .     (helmet unavailable)
rElec  .         Reflect  .     (cloak unavailable)
rCorr  .         Harm     .     (gloves unavailable)
MR     .....                    (boots unavailable)
Stlth  ++........               (no amulet)
                                (no ring)
                                (no ring)

@: exhausted, quick
A: no armour, no weapons or thrown items, stealth, claws 1, fangs 3, see
invisible, carnivore 3, speed 1, shaggy fur 1, slow metabolism 1, sharp paws
a: Berserk, Trog's Hand, Burn Spellbooks, Renounce Religion


You were on level 2 of the Dungeon.
You worshipped Trog.
Trog was pleased with you.
You were completely stuffed.

You visited 1 branch of the dungeon, and saw 2 of its levels.

You collected 67 gold pieces.

Inventory:

Scrolls
 d - a scroll of amnesia {unknown}
 g - a scroll of teleportation {unknown}
Potions
 c - a potion of lignification {unknown}
 e - a potion of haste {unknown}
 f - 2 potions of berserk rage {unknown}
 h - a potion of heal wounds {unknown}
 i - a potion of resistance {unknown}
Comestibles
 a - a meat ration
 b - a slice of pizza
 j - a chunk of flesh


   Skills:
 - Level 3.0 Fighting
 + Level 4.5 Dodging
 * Level 4.0 Unarmed Combat


You had 2 spell levels left.
You didn't know any spells.

Dungeon Overview and Level Annotations

Branches:
Dungeon (2/15)

Altars:


Innate Abilities, Weirdness & Mutations

You cannot wear armour.
You are incapable of wielding weapons or throwing items.
Your paws allow you to move quietly. (Stealth)
You have sharp claws.
You have razor-sharp teeth.
You have supernaturally acute eyesight. (SInv)
You are carnivorous and can eat meat at any time.
You cover ground quickly.
You are covered in fur. (AC +1)
You have a slow metabolism.
Your sharp claws are effective at attacking unaware monsters.


Message History

You scratch the worm but do no damage.
The worm is heavily wounded.
You scratch the worm.
The worm is heavily wounded.
The rat closely misses you. The worm bites you.
You claw the worm!
The worm is almost dead.
The rat misses you.
You're too exhausted to go berserk.
You scratch the worm but do no damage.
The worm is almost dead.
The worm barely misses you. The rat misses you.
You scratch the worm but do no damage.
The worm is severely wounded.
The rat completely misses you.
You scratch the worm.
The worm is almost dead.
The worm bites you!
Ouch! That really hurt!
You die...

... ... #. #.. ...
#.####.#. ##.
#........ ..#####
#......# #.#...#
###w.....#. #.....#
#..@....... #.....#
#..r##########.....#
#...#...............
+...'.(.............
#...#..........##)..
#...#.........###...
#...#.........# #...
#...########### #...
#...# ##'#


You could see a worm and a rat.

Vanquished Creatures
  A dart slug (D:2)
  A ball python (D:1)
  2 giant cockroaches
  2 goblins
  6 hobgoblins
  4 jackals (D:1)
  4 bats
  A frilled lizard (D:1)
  7 kobolds
28 creatures vanquished.

Notes
Turn   | Place    | Note
-------+----------+-------------------------------------------
     0 | D:1      | LORDOFBUTT the Felid Berserker began the quest for the Orb.
     0 | D:1      | Reached XP level 1. HP: 10/10 MP: 2/2
   336 | D:1      | Reached XP level 2. HP: 12/14 MP: 3/3
  1587 | D:2      | Reached XP level 3. HP: 17/17 MP: 4/4
  1615 | D:2      | Reached ** piety under Trog
  1634 | D:2      | Slain by a worm

Skill      XL: |  1  2  3 |
---------------+----------+-----
Unarmed Combat | 4 |  4.0
Fighting       | |  3.0
Dodging        | |  4.5

Action                   || total
-------------------------++-------
Melee: Unarmed           ||   102
       Bite              ||    11
Invok: Berserk           ||     2
 Stab: Sleeping          ||     1
  Eat: Chunk             ||    11
Armor: Skin              ||     7
Dodge: Dodged            ||    86
